 Dungeon Crawl Stone Soup version 0.25.0-9-g26727b657a (webtiles) character file.

Game seed: 1990171840960644881

1693 HungrySpirit the Covert (level 9, -4/69 HPs)
             Began as a Gnoll Assassin on June 16, 2020.
             Was an Initiate of Sif Muna.
             Slain by an ice beast (13 damage)
             ... on level 7 of the Dungeon.
             The game lasted 00:09:37 (6593 turns).

HungrySpirit the Covert (Gnoll Assassin)            Turns: 6593, Time: 00:09:37

Health: -4/69      AC:  8    Str: 20    XL:     9   Next: 2%
Magic:  14/14      EV: 12    Int: 16    God:    Sif Muna [......]
Gold:   273        SH:  0    Dex: 17    Spells: 15/15 levels left

rFire    . . .     SeeInvis .   h - +0 hand axe (elec)
rCold    . . .     Gourm    .   (no shield)
rNeg     . . .     Faith    .   g - +0 ring mail
rPois    .         Spirit   .   (no helmet)
rElec    .         Reflect  .   a - +2 cloak
rCorr    .         Harm     .   (no gloves)
MR       +....                  (no boots)
Stlth    +++.......             w - amulet of regeneration
HPRegen  0.61/turn              c - +6 ring of strength
MPRegen  0.14/turn              m - ring of protection from magic

@: hasted and slowed, studying Necromancy, heavily drained
A: distributed training, fangs 1, strong nose
a: Renounce Religion


You were on level 7 of the Dungeon.
You worshipped Sif Muna.
Sif Muna was noncommittal.
You were hungry.

You visited 2 branches of the dungeon, and saw 8 of its levels.
You also visited: Sewer.

You collected 273 gold pieces.

Inventory:

Hand Weapons
 h - a +0 hand axe of electrocution (weapon)
 x - a +1 spear of venom
Missiles
 d - 14 poisoned darts (quivered)
 e - 6 curare-tipped darts
Armour
 a - a +2 cloak (worn)
 g - a +0 ring mail (worn)
 z - the cursed +0 robe of the Bulwark {rElec rPois}
   (You found it on level 5 of the Dungeon)

   It insulates you from electricity.
   It protects you from poison.
   It has a curse placed upon it.
Jewellery
 c - a +6 ring of strength (left hand)
 m - a ring of protection from magic (right hand)
 p - an uncursed amulet of guardian spirit
 w - an amulet of regeneration (around neck)
 A - an uncursed ring of resist corrosion
Wands
 s - a wand of digging (3)
 F - a wand of iceblast (4)
Scrolls
 b - 3 scrolls of remove curse
 i - a scroll of fog {unknown}
 j - a scroll of enchant armour {unknown}
 l - 2 scrolls of blinking {unknown}
 n - 3 scrolls of amnesia {unknown}
 q - 9 scrolls of identify
 r - 5 scrolls of teleportation {unknown}
 t - a scroll of fear {unknown}
 B - a scroll of random uselessness {unknown}
 D - a scroll of enchant weapon {unknown}
Potions
 k - 2 potions of invisibility {unknown}
 o - 2 potions of haste
 u - a potion of heal wounds {unknown}
 v - 2 potions of curing
 E - a potion of stabbing
Books
 y - a manual of Necromancy
Comestibles
 f - 15 rations


   Skills:
 + Level 6.0(4.3) Fighting
 + Level 6.0(4.3) Short Blades
 + Level 3.7(2.1) Long Blades
 + Level 3.7(2.1) Axes
 + Level 3.7(2.1) Maces & Flails
 + Level 3.7(2.1) Polearms
 + Level 3.7(2.1) Staves
 + Level 3.7(2.1) Slings
 + Level 3.7(2.1) Bows
 + Level 3.7(2.1) Crossbows
 + Level 6.0(4.3) Throwing
 + Level 3.7(2.1) Armour
 + Level 4.6(2.9) Dodging
 + Level 8.7(6.9) Stealth
 + Level 3.7(2.1) Shields
 + Level 3.7(2.1) Unarmed Combat
 + Level 3.7(2.1) Spellcasting
 + Level 3.0(1.5) Conjurations
 + Level 3.0(1.5) Hexes
 + Level 3.0(1.5) Charms
 + Level 3.0(1.5) Summonings
 + Level 3.7(2.1) Necromancy
 + Level 3.0(1.5) Translocations
 + Level 3.0(1.5) Transmutations
 + Level 3.0(1.5) Fire Magic
 + Level 3.0(1.5) Ice Magic
 + Level 3.0(1.5) Air Magic
 + Level 3.0(1.5) Earth Magic
 + Level 3.0(1.5) Poison Magic
 + Level 4.1(2.5) Invocations
 + Level 3.7(2.1) Evocations


You had 15 spell levels left.
You didn't know any spells.
Your spell library contained the following spells:

 Spells                   Type           Power        Failure   Level  Hunger
 Beastly Appendage        Tmut           #.....       19%         1    #......
 Infusion                 Chrm           #...         19%         1    #......
 Shock                    Conj/Air       #...         19%         1    #......
 Shroud of Golubria       Chrm/Tloc      #.....       28%         2    ###....
 Song of Slaying          Chrm           #.......     28%         2    ###....
 Sticks to Snakes         Tmut           #.......     28%         2    ###....
 Swiftness                Chrm/Air       #.......     28%         2    ###....
 Ozocubu's Armour         Chrm/Ice       #.......     50%         3    ###....
 Spectral Weapon          Hex/Chrm       #.......     50%         3    ###....
 Spider Form              Tmut/Pois      #.........   50%         3    ###....
 Static Discharge         Conj/Air       #.......     50%         3    ###....
 Airstrike                Air            #.........   88%         4    #####..
 Ice Form                 Ice/Tmut       #.......     88%         4    #####..
 Blade Hands              Tmut           #.........   99%         5    ######.
 Lightning Bolt           Conj/Air       #.........   99%         5    ######.


Dungeon Overview and Level Annotations

Branches:
Dungeon (7/15)             Temple (1/1) D:6           Sewer (visited)

Altars:
Cheibriados
Fedhas
Gozag
Kikubaaqudgha
Makhleb
Nemelex Xobeh
Okawaru
Sif Muna
Trog
Vehumet
Wu Jian
Yredelemnul

Shops:
D:4 [   D:5 }


Innate Abilities, Weirdness & Mutations

Your experience applies equally to all skills.
You have very sharp teeth.
Your uncanny sense of smell can sniff out nearby items.


Message History

The wight hits you with a +1 halberd!
You feel drained.
* * * LOW HITPOINT WARNING * * *
The wight barely misses you.
The ice beast hits you but does no damage.
The wight completely misses you.
The wight hits you from afar with a cursed +4 spear of freezing.
* * * LOW HITPOINT WARNING * * *
You feel drained. The wight freezes you.
* * * LOW HITPOINT WARNING * * *
The ice beast closely misses you. The wight hits you but does no damage.
It was a potion of haste.
You feel yourself speed up.
The wight hits you with a +5 long sword.
* * * LOW HITPOINT WARNING * * *
You feel drained.
* * * LOW HITPOINT WARNING * * *
The kobold hits you but does no damage. The wight barely misses you.
The ice beast hits you.
* * * LOW HITPOINT WARNING * * *
The ice beast freezes you!
You die...

....# #... ##(.. #... .
##... #..##...#### ##
#......zz.########...##
#....o..z@K).<........#
#........Y######........
..........# #.......≈
..........# ........≈
.....?(...# ........≈
.........## #.........
.........# ........).
.........# ......?...


You could see an ice beast, 3 wights, an orc and a kobold.

Vanquished Creatures
  A wyvern (D:4)
  An ice beast (D:7)
  4 ogres
  A centaur (D:6)
  A big kobold (D:7)
  A bullfrog (D:4)
  A wight (D:7)
  A howler monkey (D:7)
  A quasit (D:6)
  2 orc priests (D:3)
  Crazy Yiuf (D:3)
  A hound (D:4)
  Jessica (D:3)
  Ijyb (D:3)
  2 iguanas
  4 orc wizards
  4 worker ants
  A killer bee zombie (D:6)
  A hound zombie (D:5)
  A hound skeleton (D:4)
  Robin (D:2)
  6 gnolls (D:4)
  5 adders
  A shadow imp (D:5)
  An ooze (D:6)
  An adder skeleton (D:6)
  A worm (D:3)
  A dart slug (D:4)
  2 leopard geckos
  24 orcs
  4 ball pythons
  16 giant cockroaches
  13 goblins
  14 hobgoblins
  19 jackals
  10 bats
  14 frilled lizards
  11 kobolds
  13 rats
  A plant (Sewer)
189 creatures vanquished.

Notes
Turn   | Place    | Note
-------+----------+-------------------------------------------
     0 | D:1      | HungrySpirit the Gnoll Assassin began the quest for the
                  | Orb.
     0 | D:1      | Reached XP level 1. HP: 20/20 MP: 1/1
   300 | D:1      | Reached XP level 2. HP: 26/26 MP: 2/2
  1125 | D:2      | Found an ancient bone altar of Kikubaaqudgha.
  1263 | D:2      | Noticed Robin
  1266 | D:2      | Reached XP level 3. HP: 28/31 MP: 3/3
  1309 | D:1      | Reached skill level 1 in Invocations
  1552 | D:2      | Killed Robin
  1567 | D:2      | Reached skill level 1 in Long Blades
  1567 | D:2      | Reached skill level 1 in Axes
  1567 | D:2      | Reached skill level 1 in Maces & Flails
  1567 | D:2      | Reached skill level 1 in Polearms
  1567 | D:2      | Reached skill level 1 in Staves
  1567 | D:2      | Reached skill level 1 in Slings
  1567 | D:2      | Reached skill level 1 in Bows
  1567 | D:2      | Reached skill level 1 in Crossbows
  1567 | D:2      | Reached skill level 1 in Armour
  1567 | D:2      | Reached skill level 1 in Shields
  1567 | D:2      | Reached skill level 1 in Unarmed Combat
  1567 | D:2      | Reached skill level 1 in Spellcasting
  1567 | D:2      | Reached skill level 1 in Evocations
  1684 | D:2      | Reached XP level 4. HP: 38/38 MP: 5/5
  2217 | D:2      | Found an ornate altar of the Wu Jian Council.
  2218 | D:2      | Found a blossoming altar of Fedhas.
  2221 | D:2      | Found a snail-covered altar of Cheibriados.
  2222 | D:2      | Found a basalt altar of Yredelemnul.
  2346 | D:3      | Reached skill level 1 in Conjurations
  2346 | D:3      | Reached skill level 1 in Hexes
  2346 | D:3      | Reached skill level 1 in Charms
  2346 | D:3      | Reached skill level 1 in Summonings
  2346 | D:3      | Reached skill level 1 in Necromancy
  2346 | D:3      | Reached skill level 1 in Translocations
  2346 | D:3      | Reached skill level 1 in Transmutations
  2346 | D:3      | Reached skill level 1 in Fire Magic
  2346 | D:3      | Reached skill level 1 in Ice Magic
  2346 | D:3      | Reached skill level 1 in Air Magic
  2346 | D:3      | Reached skill level 1 in Earth Magic
  2346 | D:3      | Reached skill level 1 in Poison Magic
  2408 | D:3      | Noticed Jessica
  2414 | D:3      | Reached XP level 5. HP: 38/43 MP: 6/6
  2428 | D:3      | Killed Jessica
  2602 | D:3      | Reached skill level 8 in Stealth
  2602 | D:3      | Reached XP level 6. HP: 18/50 MP: 8/8
  3051 | D:3      | Noticed Ijyb
  3057 | D:3      | Killed Ijyb
  3339 | D:3      | Found a runed translucent door.
  3340 | D:3      | Noticed Crazy Yiuf
  3360 | D:3      | Reached skill level 5 in Fighting
  3360 | D:3      | Reached skill level 5 in Short Blades
  3360 | D:3      | Reached skill level 5 in Throwing
  3435 | D:3      | Killed Crazy Yiuf
  3616 | D:4      | Noticed a wyvern
  3623 | D:4      | Killed a wyvern
  3623 | D:4      | Reached XP level 7. HP: 32/56 MP: 10/10
  3752 | D:4      | Found a glowing drain.
  3864 | Sewer    | Entered a sewer
  4642 | D:4      | Reached XP level 8. HP: 34/63 MP: 7/12
  5109 | D:4      | Found Ymikh's Antique Armour Emporium.
  5291 | D:5      | Entered Level 5 of the Dungeon
  5354 | D:5      | Got a heavily jewelled robe
  5356 | D:5      | Identified the cursed +0 robe of the Bulwark {rElec rPois}
                  | (You found it on level 5 of the Dungeon)
  5536 | D:5      | Found Guttoxea's Gadget Boutique.
  5966 | D:6      | Found a staircase to the Ecumenical Temple.
  5984 | Temple   | Entered the Ecumenical Temple
  5996 | Temple   | Became a worshipper of Sif Muna the Loreminder
  6586 | D:7      | Reached XP level 9. HP: 64/69 MP: 14/14
  6593 | D:7      | Slain by an ice beast

Illustrated notes

Levels and vault maps discovered:
D:1:      elethiomel_arrival_maze, layout_basic, nrook_mini_backslash
D:2:      minmay_roachtagon, layout_basic, minitemple, uniq_robin
D:3:      layout_loops_corners, first_ration, uniq_crazy_yiuf_cottage,
          uniq_ijyb, uniq_jessica
D:4:      layout_rooms, portal_sewer_entry_a, serial_shops, nicolae_shop_trees,
          minmay_manual_mail
D:5:      layout_loops_cross, serial_shops,
          nicolae_shop_competitors_out_of_business
D:6:      layout_basic, minmay_temple_entry_drinking_statues
D:7:      layout_cave_pods, corexii_item_surrounded_by_moat
Temple:   eino_temple_rhombus

Skill      XL: |  1  2  3  4  5  6  7  8  9 |
---------------+----------------------------+-----
Invocations    | 1 2 3 4 |  4.1
Long Blades    | 1 2 3 |  3.7
Axes           | 1 2 3 |  3.7
Maces & Flails | 1 2 3 |  3.7
Polearms       | 1 2 3 |  3.7
Staves         | 1 2 3 |  3.7
Slings         | 1 2 3 |  3.7
Bows           | 1 2 3 |  3.7
Crossbows      | 1 2 3 |  3.7
Armour         | 1 2 3 |  3.7
Shields        | 1 2 3 |  3.7
Unarmed Combat | 1 2 3 |  3.7
Spellcasting   | 1 2 3 |  3.7
Evocations     | 1 2 3 |  3.7
Conjurations   | 1 2 3 |  3.0
Hexes          | 1 2 3 |  3.0
Charms         | 1 2 3 |  3.0
Summonings     | 1 2 3 |  3.0
Necromancy     | 1 2 3 |  3.7
Translocations | 1 2 3 |  3.0
Transmutations | 1 2 3 |  3.0
Fire Magic     | 1 2 3 |  3.0
Ice Magic      | 1 2 3 |  3.0
Air Magic      | 1 2 3 |  3.0
Earth Magic    | 1 2 3 |  3.0
Poison Magic   | 1 2 3 |  3.0
Dodging        | 3 4 |  4.6
Stealth        | 8 |  8.7
Fighting       | 5 6 |  6.0
Short Blades   | 5 6 |  6.0
Throwing       | 5 6 |  6.0

Action                   |  1- 3 |  4- 6 |  7- 9 || total
-------------------------+-------+-------+-------++-------
Melee: Dagger            |    19 |       |       ||    19
       Bite              |     5 |    14 |    21 ||    40
       Hand axe          |    55 |   148 |   228 ||   431
       Punch             |       |       |     4 ||     4
Throw: Dart              |       |     7 |    15 ||    22
  Use: Potion            |     1 |       |     2 ||     3
       Scroll            |       |       |     2 ||     2
 Stab: Sleeping          |     3 |    11 |    17 ||    31
  Eat: Chunk             |     2 |     6 |     7 ||    15
       Ration            |       |       |     1 ||     1
Armor: Ring mail         |    31 |    59 |   107 ||   197
Dodge: Dodged            |    62 |   111 |   181 ||   354
